 Dungeon Crawl Stone Soup version 0.22.1-2-g9c5b331 (webtiles) character file.

56 PipTheRed the Skirmisher (level 3, 0/34 HPs)
             Began as a Minotaur Monk on Nov 27, 2018.
             Hit by a stone thrown by a kobold (3 damage)
             ... on level 2 of the Dungeon.
             The game lasted 00:17:32 (1475 turns).

PipTheRed the Skirmisher (Minotaur Monk)            Turns: 1475, Time: 00:17:33

Health: 0/34       AC:  2    Str: 16    XL:     3   Next: 71%
Magic:  2/2        EV: 13    Int:  7    God:
Gold:   114        SH:  0    Dex: 12    Spells: 2/2 levels left

rFire    . . .     SeeInvis .   g - +0 club (curse)
rCold    . . .     Gourm    .   (no shield)
rNeg     + . .     Faith    .   b - +0 robe
rPois    .         Spirit   .   (helmet restricted)
rElec    .         Reflect  .   (no cloak)
rCorr    .         Harm     .   (no gloves)
MR       .....                  (no boots)
Stlth    ++........             (no amulet)
HPRegen  0.11/turn              r - ring of positive energy
MPRegen  0.08/turn              (no ring)

@: no status effects
A: retaliatory headbutt, horns 2
a: no special abilities


You were on level 2 of the Dungeon.
You were not hungry.

You visited 1 branch of the dungeon, and saw 2 of its levels.

You collected 114 gold pieces.

Inventory:

Hand Weapons
 a - a +0 mace
 f - a +0 spear
 g - a cursed +0 club (weapon)
 i - a +0 hunting sling
 j - a +0 dagger
 l - a +0 dagger
 m - a +0 dagger
 o - a +0 short sword
 s - a +0 dagger
 t - a +0 dagger
 v - a +0 flail
Missiles
 h - 60 stones (quivered)
 k - 21 arrows
Armour
 b - a +0 robe (worn)
 c - a +0 robe
Jewellery
 r - a ring of positive energy (left hand)
Scrolls
 q - a scroll of enchant weapon {unknown}
 w - a scroll of identify {unknown}
Potions
 e - a potion of curing {unknown}
 u - 2 potions of mutation {unknown}
Comestibles
 n - 2 rations


   Skills:
 + Level 4.6 Fighting
 + Level 4.3 Maces & Flails
 + Level 3.8 Dodging
 + Level 1.7 Stealth


You had 2 spell levels left.
You didn't know any spells.
Your spell library was empty.

Dungeon Overview and Level Annotations

Branches:
Dungeon (2/15)

Altars:
Okawaru

Annotations:
D:2 Robin


Innate Abilities, Weirdness & Mutations

You reflexively headbutt those who attack you in melee.
You have a pair of horns on your head.


Message History

* * * LOW HITPOINT WARNING * * *
The hobgoblin hits you with a club!
* * * LOW HITPOINT WARNING * * *
Things that are here:
a dagger; a goblin corpse Your surroundings suddenly seem different.
Found a stone staircase leading down.
Found an iron ring.
Found a scroll labeled PUEBYCKIRO.
A jackal comes into view.
The jackal barks!
You hear a shout!
A jackal comes into view.
A kobold comes into view. It is wielding a short sword.
Found a faded altar of an unknown god.
The kobold throws a stone.
The stone barely misses you.
You hear a splash.
The kobold throws a stone.
The stone completely misses you.
You hear a splash.
The kobold throws a stone.
The stone hits you.
You die...

#.#.#.># #.#.#..#
#.#.#..#######
#.#####............#
?............#####.#
#######.#.#.### #
.########........
..≈≈≈..≈(......##
.≈.≈≈..@..#......
≈≈≈≈≈h≈≈≈.##...##
≈≈≈≈≈≈≈≈....#.##
≈≈≈≈≈≈≈≈..#...#
≈.♣♣≈≈≈≈..#.#... ≈
_.h≈≈≈..K # ##
≈.≈≈≈≈≈≈.#.
≈≈≈≈≈≈...#.#


You could see 2 jackals and a kobold.

Vanquished Creatures
  An ooze (D:1)
  A dart slug (D:1)
  A ball python (D:2)
  4 giant cockroaches (D:1)
  6 goblins
  7 hobgoblins
  4 jackals (D:1)
  5 kobolds
  6 bats (D:1)
  3 frilled lizards (D:1)
  4 rats (D:1)
42 creatures vanquished.

Notes
Turn   | Place    | Note
-------+----------+-------------------------------------------
     0 | D:1      | PipTheRed the Minotaur Monk began the quest for the Orb.
     0 | D:1      | Reached XP level 1. HP: 19/19 MP: 0/0
   321 | D:1      | Reached XP level 2. HP: 15/27 MP: 1/1
   557 | D:1      | Reached XP level 3. HP: 21/34 MP: 2/2
  1360 | D:2      | Found an iron altar of Okawaru.
  1421 | D:2      | Noticed Robin
  1455 | D:2      | HP: 1/34 [hobgoblin/club[Robin] (7)]
  1472 | D:2      | Found a faded altar of an unknown god.
  1475 | D:2      | Hit by a stone thrown by a kobold

Skill      XL: |  1  2 |
---------------+-------+-----
Fighting       | 4 |  4.6
Maces & Flails | 4 |  4.3
Dodging        | |  3.8
Stealth        | |  1.7

Action                   || total
-------------------------++-------
Melee: Mace              ||    20
       Headbutt          ||    14
       Short sword       ||     8
       Club              ||    43
  Use: Scroll            ||     2
       Potion            ||     1
 Stab: Distracted        ||     1
  Eat: Ration            ||     1
Armor: Robe              ||    24
Dodge: Dodged            ||    89
